 Dungeon Crawl Stone Soup version 0.28.0 (webtiles) character file.

Game seed: 16193696743277075208

1135971 danielguo94 the Gargoyle Barricade (level 27, -2/199 HPs)
             Began as a Gargoyle Fighter on Feb 6, 2022.
             Was a High Priest of the Shining One.
             Slain by a Hell Sentinel (20 damage)
             ... on level 7 of the Iron City of Dis on Feb 7, 2022.
             The game lasted 03:20:26 (83162 turns).

danielguo94 the Gargoyle Barricade (GrFi)          Turns: 83162, Time: 03:20:27

Health: -2/199     AC: 47    Str: 10 (25) XL:     27
Magic:  36/40      EV:  2    Int:  7 (16) God:    the Shining One [*****.]
Gold:   8780       SH:  0    Dex:  0 (13) Spells: 26/26 levels left

rFire   + + +      SeeInvis .   t - +9 broad axe (holy)
rCold   + + +      Faith    .   V - +2 tower shield
rNeg    + + +      Spirit   .   c - +2 plate armour {rC+}
rPois   ∞          Reflect  .   r - +0 helmet "Eczed" {rF+}
rElec   +          Harm     .   Z - scarf {rC+ rF+}
rCorr   +          Rampage  +   s - +2 pair of gloves of Hairiness {rElec Int+4}
Will    ++...                   Y - +2 pair of boots {rampage}
Stlth   ..........              w - amulet of regeneration
HPRegen 1.23/turn               U - ring of resist corrosion
MPRegen 0.27/turn               m - ring "Joag" {rPois rF+ rC+}

@: on berserk cooldown, flying, slowed, lost dexterity, glowing, studying Short
Blades, corroded, very slow
A: sickness immunity, AC +20, big wings, negative energy resistance 1,
electricity resistance, torment resistance 1, petrification resistance,
camouflage 1, deterioration 1, mutation resistance 1, weak 1, sturdy frame 1
}: 12/15 runes: barnacled, silver, obsidian, icy, bone, abyssal, demonic,
glowing, magical, fiery, dark, gossamer
a: Renounce Religion, Divine Shield, Cleansing Flame, Summon Divine Warrior


You were on level 7 of the Iron City of Dis.
You worshipped the Shining One.
The Shining One was extremely pleased with you.
You visited 17 branches of the dungeon, and saw 82 of its levels.
You visited Pandemonium 1 time, and saw 14 of its levels.
You visited the Abyss 2 times.
You also visited: Ice Cave.

You collected 15364 gold pieces.
You spent 6584 gold pieces at shops.

Inventory:

Hand Weapons
 b - a +9 broad axe of protection
 t - a +9 broad axe of holy wrath (weapon)
 C - a +5 eveningstar of venom
 O - a +9 eveningstar of flaming
Missiles
 h - 19 datura-tipped darts (quivered)
 A - 5 curare-tipped darts
 J - 22 atropa-tipped darts
 N - 4 silver javelins
 P - 16 throwing nets
 Q - 28 javelins
Armour
 c - a +2 plate armour of cold resistance (worn)
 r - the +0 helmet "Eczed" (worn) {rF+}
   (You acquired it on level 2 of the Realm of Zot)

   rF:        It protects you from fire.
 s - the +2 pair of gloves of Hairiness (worn) {rElec Int+4}
   (You acquired it on level 4 of the Realm of Zot)

   Int:       It affects your intelligence (+4).
   rElec:     It insulates you from electricity.
 y - the +2 pair of boots of the Sunfish {rElec Str+4 Int+3 Slay+2}
   (You found it in Pandemonium)

   Str:       It affects your strength (+4).
   Int:       It affects your intelligence (+3).
   Slay:      It affects your accuracy & damage with ranged weapons and melee
   (+2).
   rElec:     It insulates you from electricity.
 R - a +2 plate armour of willpower
 V - a +2 tower shield (worn)
 Y - a +2 pair of boots of rampaging (worn)
 Z - a scarf of resistance (worn)
Jewellery
 m - the ring "Joag" (right hand) {rPois rF+ rC+}
   (You found it on level 7 of Tartarus)

   [ring of poison resistance]

   rF:        It protects you from fire.
   rC:        It protects you from cold.
   rPois:     It protects you from poison.
 w - an amulet of regeneration (around neck)
 x - a ring of protection from cold
 B - a ring of willpower
 U - a ring of resist corrosion (left hand)
 W - the ring of the Hare {EV+8}
   (You found it on level 6 of the Lair of Beasts)

   [ring of evasion]

   EV:        It affects your evasion (+8).
Wands
 a - a wand of mindburst (11)
 p - a wand of digging (25)
 v - a wand of iceblast (34)
 F - a wand of acid (1)
 M - a wand of charming (16)
Scrolls
 e - 11 scrolls of fog
 f - 8 scrolls of fear
 i - 9 scrolls of enchant armour
 j - 2 scrolls of summoning
 l - 8 scrolls of vulnerability
 n - 14 scrolls of blinking
 G - 13 scrolls of immolation
 K - 5 scrolls of teleportation
 L - 3 scrolls of magic mapping
 S - 5 scrolls of silence
Potions
 d - 4 potions of might
 g - a potion of heal wounds
 o - 7 potions of lignification
 q - a potion of attraction
 u - 8 potions of resistance
 z - 5 potions of haste
 D - 8 potions of curing
 E - 10 potions of mutation
 H - 5 potions of magic
 I - 4 potions of ambrosia
 T - 2 potions of berserk rage
 X - 5 potions of cancellation


   Skills:
 O Level 27 Fighting
 - Level 1.4(1.6) Short Blades
 - Level 0.9(1.3) Long Blades
 - Level 23.8(27) Axes
 - Level 24.5(27) Maces & Flails
 - Level 1.0(15.8) Polearms
 - Level 0.9(1.1) Slings
 - Level 1.0 Bows
 - Level 1.0 Crossbows
 + Level 0.9(1.1) Throwing
 O Level 27 Armour
 + Level 16.2 Dodging
 - Level 1.7 Stealth
 O Level 27 Shields
 - Level 1.1 Conjurations
 - Level 1.0 Hexes
 - Level 0.9 Summonings
 - Level 0.7 Necromancy
 - Level 0.9 Translocations
 - Level 0.7 Transmutations
 - Level 1.0 Fire Magic
 - Level 1.0 Ice Magic
 - Level 0.7 Air Magic
 - Level 1.2 Earth Magic
 - Level 1.0 Poison Magic
 O Level 27 Invocations
 * Level 10.5 Evocations


You had 26 spell levels left.
You didn't know any spells.
Your spell library contained the following spells:

 Spells                   Type           Power      Damage    Failure   Level
 Sandblast                Erth           2%         2d4       91%         1
 Foxfire                  Conj/Fire      4%         2x1d4     92%         1
 Magic Dart               Conj           4%         1d3       92%         1
 Freeze                   Ice            4%         1d3       93%         1
 Slow                     Hex            4%         N/A       93%         1
 Apportation              Tloc           2%         N/A       94%         1
 Shock                    Conj/Air       4%         1d3       94%         1
 Animate Skeleton         Necr           2%         N/A       95%         1
 Pain                     Necr           4%         1d4       95%         1
 Blink                    Tloc           2%         N/A       98%         2
 Call Imp                 Summ           1%         N/A       98%         2
 Corpse Rot               Necr/Air       2%         N/A       98%         2
 Ensorcelled Hibernation  Hex/Ice        2%         N/A       98%         2
 Passwall                 Tmut/Erth      0%         N/A       98%         2
 Scorch                   Fire           2%         2d5       98%         2
 Searing Ray              Conj           2%         2d4       98%         2
 Static Discharge         Conj/Air       1%         N/A       98%         2
 Wereblood                Tmut           1%         N/A       98%         2
 Call Canine Familiar     Summ           1%         N/A       100%        3
 Confusing Touch          Hex            1%         N/A       100%        3
 Conjure Flame            Conj/Fire      1%         6-21      100%        3
 Dazzling Flash           Conj/Hex       2%         N/A       100%        3
 Frozen Ramparts          Ice            2%         1d2       100%        3
 Gell's Gravitas          Tloc           1%         N/A       100%        3
 Ignite Poison            Fire/Tmut/Pois 1%         N/A       100%        3
 Inner Flame              Hex/Fire       1%         N/A       100%        3
 Lesser Beckoning         Tloc           1%         N/A       100%        3
 Mephitic Cloud           Conj/Pois/Air  1%         N/A       100%        3
 Ozocubu's Armour         Ice            1%         N/A       100%        3
 Portal Projectile        Hex/Tloc       2%         N/A       100%        3
 Spider Form              Tmut/Pois      1%         N/A       100%        3
 Stone Arrow              Conj/Erth      2%         3d7       100%        3
 Summon Guardian Golem    Hex/Summ       1%         N/A       100%        3
 Swiftness                Air            1%         N/A       100%        3
 Teleport Other           Tloc           1%         N/A       100%        3
 Vampiric Draining        Necr           1%         2d6       100%        3
 Airstrike                Air            0%         N/A       100%        4
 Anguish                  Hex/Necr       0%         N/A       100%        4
 Animate Armour           Summ/Erth      2%         N/A       100%        4
 Animate Dead             Necr           0%         N/A       100%        4
 Cause Fear               Hex            0%         N/A       100%        4
 Dispel Undead            Necr           1%         3d6       100%        4
 Flame Wave               Conj/Fire      1%         2d4       100%        4
 Fulminant Prism          Conj/Hex       0%         3d6       100%        4
 Hailstorm                Conj/Ice       1%         3d3       100%        4
 Ice Form                 Ice/Tmut       1%         N/A       100%        4
 Iskenderun's Mystic Bla  Conj/Tloc      1%         2d3       100%        4
 Leda's Liquefaction      Hex/Erth       0%         N/A       100%        4
 Olgreb's Toxic Radiance  Pois           1%         N/A       100%        4
 Petrify                  Tmut/Erth      1%         N/A       100%        4
 Sticky Flame             Conj/Fire      1%         2d3       100%        4
 Summon Ice Beast         Ice/Summ       1%         N/A       100%        4
 Summon Lightning Spire   Summ/Air       1%         N/A       100%        4
 Agony                    Necr           1%         N/A       100%        5
 Alistair's Intoxication  Tmut/Pois      0%         N/A       100%        5
 Blade Hands              Tmut           0%         N/A       100%        5
 Borgnjor's Vile Clutch   Necr/Erth      0%         N/A       100%        5
 Excruciating Wounds      Necr           0%         N/A       100%        5
 Fireball                 Conj/Fire      0%         3d3       100%        5
 Freezing Cloud           Conj/Ice/Air   0%         6-21      100%        5
 Irradiate                Conj/Tmut      0%         3d13      100%        5
 Iskenderun's Battlesphe  Conj           1%         2d6       100%        5
 Lee's Rapid Deconstruct  Erth           0%         3d5*      100%        5
 Lightning Bolt           Conj/Air       0%         1d11      100%        5
 Manifold Assault         Tloc           1%         N/A       100%        5
 Metabolic Englaciation   Hex/Ice        0%         N/A       100%        5
 Silence                  Hex/Air        0%         N/A       100%        5
 Summon Forest            Summ/Tloc      0%         N/A       100%        5
 Summon Mana Viper        Hex/Summ       1%         N/A       100%        5
 Conjure Ball Lightning   Conj/Air       0%         3x3d6     100%        6
 Death Channel            Necr           0%         N/A       100%        6
 Dispersal                Tloc           0%         N/A       100%        6
 Eringya's Noxious Bog    Tmut/Pois      0%         N/A       100%        6
 Simulacrum               Ice/Necr       0%         N/A       100%        6
 Starburst                Conj/Fire      0%         6d3       100%        6
 Summon Cactus Giant      Summ           0%         N/A       100%        6
 Dragon Form              Tmut           0%         N/A       100%        7
 Haunt                    Necr/Summ      0%         N/A       100%        7
 Malign Gateway           Summ/Tloc      0%         N/A       100%        7
 Monstrous Menagerie      Summ           0%         N/A       100%        7
 Orb of Destruction       Conj           0%         9d5       100%        7
 Ozocubu's Refrigeration  Ice            0%         4d5       100%        7
 Spellforged Servitor     Conj/Summ      0%         N/A       100%        7
 Summon Hydra             Summ           0%         N/A       100%        7
 Borgnjor's Revivificati  Necr           0%         N/A       100%        8
 Disjunction              Tloc           0%         N/A       100%        8
 Ignition                 Fire           0%         3d3       100%        8
 Infestation              Necr           0%         N/A       100%        8
 Lehudib's Crystal Spear  Conj/Erth      0%         10d2      100%        8
 Summon Horrible Things   Summ           0%         N/A       100%        8
 Dragon's Call            Summ           0%         N/A       100%        9
 Fire Storm               Conj/Fire      0%         6d1       100%        9
 Sublimation of Blood     Necr           Unusable   N/A       N/A         2
 Statue Form              Tmut/Erth      Unusable   N/A       N/A         6

Dungeon Overview and Level Annotations

Branches:
Dungeon (15/15)            Temple (1/1) D:4            Lair (6/6) D:8
 Shoals (4/4) Lair:4       Spider (4/4) Lair:4        Slime (0/5) Lair:5
    Orc (2/2) D:10            Elf (3/3) Orc:2        Vaults (5/5) D:13
  Crypt (3/3) Vaults:2       Tomb (2/3) Crypt:3      Depths (4/4) D:15
   Hell (visited)             Dis (7/7) Hell            Geh (7/7) Hell
    Coc (7/7) Hell            Tar (7/7) Hell            Zot (4/5) Depths:4
  IceCv (visited)

Altars:
Ashenzari
Cheibriados
Elyvilon
Gozag
Kikubaaqudgha
Makhleb
Ru
Sif Muna
Trog
Uskayaw
Vehumet
Wu Jian
Yredelemnul
Zin
The Shining One
Beogh

Shops:
D:2 *   D:6 !   D:8 !   D:10 ([   D:11 *   Orc:1 *   Orc:2 ([*[   Elf:3 *
Shoals:1 ?   Vaults:1 **(   Depths:1 [   Depths:3 [[(*(

Portals:
Hell: Depths:1 Depths:2 Depths:3 Depths:4
Abyss: Depths:3
Pandemonium: Depths:2 Depths:3
Ziggurat: Depths:4


Innate Abilities, Weirdness & Mutations

You are immune to sickness and miasma.
Your stone body is resilient. (AC +20)
You are immune to poison.
Your large and strong wings let you fly.
You resist negative energy. (rN+)
You are resistant to electric shocks. (rElec)
You are resistant to unholy torment.
You are immune to petrification.
Your skin changes colour to match your surroundings (Stealth+).
Your body sometimes deteriorates upon taking damage.
You are somewhat resistant to further mutation.
You are weak. (Str -2)
Your movements are slightly less encumbered by armour. (ER -2)


Message History

You are too injured to fight recklessly!
Unknown command.
You are too injured to fight recklessly!
Unknown command.
You are too injured to fight recklessly!
You hit the Hell Sentinel but do no damage.
You block the Hell Sentinel's attack. x2
You hit the Hell Sentinel but do no damage.
You block the Hell Sentinel's attack.
The Hell Sentinel hits you but does no damage.
You slash the Hell Sentinel!
The Hell Sentinel convulses!!
The Hell Sentinel is moderately wounded.
The Hell Sentinel hits you but does no damage. x2
You slice the Hell Sentinel!!
The Hell Sentinel convulses!!
The Hell Sentinel is heavily wounded.
The Hell Sentinel hits you but does no damage.
The Hell Sentinel closely misses you.
You hit the Hell Sentinel.
The Hell Sentinel convulses.
The Hell Sentinel is severely wounded.
The Hell Sentinel gestures at you.
The sphere of damnation explodes!
The damnation engulfs you!!
* * * LOW HITPOINT WARNING * * *
Your body deteriorates!
You feel clumsy.
You have lost your dexterity.
The damnation engulfs the Hell Sentinel.
The Hell Sentinel completely resists.
The Hell Sentinel gestures at you. The iron shot hits you!!!
* * * LOW HITPOINT WARNING * * *
The Hell Sentinel hits you but does no damage. x2
You can move again.
Unknown command.
Unknown command.
Activating: Cleansing Flame (0% risk of failure)
Press: ? - help, Dir - look around, f - activate The golden flame engulfs you but does no damage.
You resist.
The golden flame engulfs the Hell Sentinel but does no damage.
The Hell Sentinel is heavily wounded.
The Hell Sentinel hits you!!
You die...

######.....8...C8....#....#
*,,#.......8....8....#)...#
*..'.................#'####
#..#..........1...........#
#.,##..##..#.[[.#..##..##.#
#***###*#####''#########**#
#############''#########*##
#..##..##..#....#..##..##.#
...............1@.........#
#........)................#
#.########.......######...#
#.#......#...≈≈..#....#...#
#.#......#...≈≈..'....#...#
..####'###...≈≈..#....#...#
..........)..≈≈..#....#...#
####..######.≈≈.########..#
...#..#....#)≈≈.#...#..#..#


You could see a Hell Sentinel.

Vanquished Creatures
  Cerebov (Pan)
  Antaeus (Coc:7)
  Asmodeus (Geh:7)
  Gloorx Vloq (Pan)
  Ereshkigal (Tar:7)
  Lom Lobon (Pan)
  7 dread liches
  Mnoleg (Pan)
  4 pandemonium lords (Pan)
  7 ancient liches
  Mara (Depths:3)
  Mennas (Depths:2)
  2 juggernauts
  7 royal mummies
  Sojobo (Depths:2)
  Boris (Crypt:3)
  Frederick (Crypt:3)
  Bai Suzhen (Depths:2)
  A curse toe (Zot:1)
  Xtahua (Depths:2)
  29 caustic shrikes
  11 shard shrikes
  The ghost of Faydane the Hoplite, a veteran HuFi of the Shining One (Vaults:1)
  Margery (Crypt:3)
  Geryon (Hell)
  2 golden dragons
  10 profane servitors
  35 bone dragons
  22 Tzitzimimeh
  10 iron giants
  9 Brimstone Fiends
  11 doom hounds
  2 electric golems
  4 hellephants
  12 tentacled monstrosities
  19 tainted leviathans
  Jorgrun (Shoals:3)
  9 liches
  A spectral shard shrike (Tar:1)
  25 Hell Sentinels
  4 quicksilver dragons
  19 searing wretches
  23 Ice Fiends
  10 titans
  2 deep elf master archers (Elf:3)
  3 deep elf blademasters
  Murray (Hell)
  Polyphemus (Shoals:3)
  8 death cobs
  24 ancient champions
  2 tentacled starspawn (Abyss:3)
  An eldritch tentacle (Pan)
  19 Executioners
  8 tengu reavers
  A kraken (Shoals:3)
  Gastronok (D:10)
  3 revenants
  6 shadow dragons
  11 sphinxes
  Kirke (Lair:6)
  13 draconian monks
  Ilsuiw (Shoals:3)
  20 storm dragons
  2 draconian knights (Depths:4)
  13 narguns
  3 demonspawn warmongers (Pan)
  11 quicksilver elementals
  An azure jelly (Coc:1)
  2 daevas (Depths:3)
  4 emperor scorpions (Spider:4)
  17 fire giants
  8 deep elf sorcerers
  3 spectral juggernauts
  3 orc warlords
  42 balrugs
  4 draconian scorchers
  3 draconian shifters
  22 vault wardens
  6 frost giants
  A caustic shrike zombie (Tar:7)
  3 iron dragons
  20 cacodemons
  2 juggernaut zombies (Hell)
  5 ghost moths
  4 spectral caustic shrikes
  13 shard shrike simulacra
  4 deep elf elementalists (Elf:3)
  4 curse skulls
  A draconian stormcaller (Zot:2)
  5 demonspawn blood saints (Pan)
  12 ghouls
  5 draconian annihilators
  An angel (Pan)
  A spriggan defender (Depths:3)
  24 ironbound preservers
  6 demonspawn corrupters (Pan)
  10 stone giants
  22 reapers
  27 war gargoyles
  2 caustic shrike skeletons
  4 broodmothers
  8 vampire knights
  5 ironbound thunderhulks
  46 very ugly things
  A broodmother (shapeshifter) (Abyss:3)
  20 green draconians
  A juggernaut skeleton (Crypt:2)
  3 grey draconians (Zot:3)
  4 bennus (Tomb:2)
  10 deep elf annihilators
  26 elemental wellsprings
  26 putrid mouths
  4 deep elf demonologists
  10 demonspawn black suns (Pan)
  7 dire elephants
  12 lorocyprocas
  4 entropy weavers
  16 purple draconians
  4 spectral titans
  11 yellow draconians
  9 spark wasps
  13 black draconians
  15 wendigos
  8 iron golems
  11 white draconians
  13 red draconians
  A spectral iron giant (Tar:3)
  18 green deaths (Pan)
  12 merfolk impalers
  11 blizzard demons
  5 deep elf death magi
  14 eidola
  11 ettins
  6 crystal guardians
  4 merfolk javelineers
  5 deep elf high priests
  9 spectral spriggans
  12 fire dragons
  Josephine (Lair:4)
  2 spriggan zombies
  29 jiangshi
  11 yaktaur captains
  17 mummy priests
  8 great orbs of eyes
  11 salamander tyrants
  3 hell beasts (Pan)
  4 rakshasas
  3 spectral fenstrider witches (Tar:1)
  A spriggan air mage (Depths:1)
  8 peacekeepers
  A quicksilver dragon skeleton (Tar:7)
  40 vault guards
  Harold (D:9)
  6 ironbound frosthearts
  8 ice dragons
  21 boulder beetles
  10 hydras
  2 catoblepae
  7 caustic shrike simulacra
  A fenstrider witch zombie (Crypt:1)
  A boulder beetle (shapeshifter) (Abyss:3)
  Erica (D:9)
  8 death knights
  2 jorogumos (Spider:4)
  6 merfolk avatars
  11 stokers
  10 centaur warriors
  2 spriggan skeletons
  13 juggernaut simulacra
  5 ogre magi
  5 satyrs
  25 dancing weapons
  7 deep troll shamans
  4 merfolk aquamancers (Shoals:4)
  An alligator snapping turtle (Shoals:4)
  9 tengu warriors
  A spectral stone giant (Tar:1)
  9 death scarabs (Spider:4)
  9 death yaks
  11 vampire magi
  10 deep troll earth magi
  18 two-headed ogres
  3 spectral nagas
  A spectral dire elephant (Tar:5)
  6 holy swine (Pan)
  40 hell hogs
  3 spriggan berserkers
  12 crystal echidnas
  8 thrashing horrors (Abyss:3)
  Sonja (D:10)
  25 hell knights
  A titan skeleton (Crypt:2)
  43 sun demons
  A spectral emperor scorpion (Spider:4)
  16 deep elf knights
  18 soul eaters
  Urug (D:10)
  2 spectral death yaks (Lair:6)
  An emperor scorpion zombie (Tomb:1)
  3 spectral bunyips
  9 pharaoh ants
  5 iron trolls
  36 shadow wraiths
  4 wretched stars (Abyss:3)
  44 large abominations
  4 sun moths
  A spark wasp zombie (Hell)
  A cherub (Pan)
  2 spatial maelstroms
  A bunyip zombie (Crypt:2)
  32 skeletal warriors
  5 spectral anacondas
  5 quicksilver dragon simulacra
  A goliath frog (shapeshifter) (Abyss:3)
  20 sea snakes
  A swamp dragon (shapeshifter) (D:14)
  A deep troll (shapeshifter) (Depths:1)
  5 orange crystal statues
  22 sixfirhies
  A storm dragon skeleton (Pan)
  9 deep elf archers
  6 bog bodies
  6 glowing orange brains
  8 lindwurms
  8 spriggan simulacra
  6 steelbarb worms
  71 deep trolls
  23 harpies
  A bunyip skeleton (Crypt:3)
  13 wizards
  8 flayed ghosts
  14 orb spiders
  11 orc knights
  12 shadow demons (Pan)
  An iron giant skeleton (Tar:7)
  A tengu zombie (Hell)
  3 obsidian statues
  A shadow dragon zombie (Vaults:4)
  A golden dragon skeleton (Crypt:1)
  24 ironbound convokers
  A spectral jorogumo (Spider:4)
  A spectral iron dragon (Tar:4)
  A fire giant zombie (Hell)
  A spectral hydra (Tar:1)
  16 wolf spiders
  3 broodmother zombies (Spider:4)
  20 phantasmal warriors
  2 wolf spider zombies (Spider:4)
  19 deep elf zephyrmancers
  18 necromancers
  52 ugly things
  A human zombie (Vaults:2)
  2 iron dragon zombies
  3 orc sorcerers
  5 spectral ettins
  A wolf spider (shapeshifter) (Vaults:1)
  26 deep elf pyromancers
  5 fauns
  A spectral fire dragon (Tar:1)
  An eleionoma zombie (Crypt:2)
  3 shining eyes (Pan)
  6 cyclopes
  15 manticores
  3 frost giant zombies
  8 merfolk sirens
  27 moths of wrath
  A stone giant skeleton (Vaults:1)
  6 black mambas
  2 spectral alligator snapping turtles
  A human skeleton (Vaults:1)
  15 elephants (Lair:6)
  5 spectral centaurs (Tar:1)
  An iron dragon skeleton (Pan)
  A manticore (shapeshifter) (Vaults:5)
  8 ice statues (Coc:5)
  2 rust devils
  A guardian serpent (Abyss:3)
  A fire giant skeleton (Vaults:1)
  40 smoke demons
  A spectral ice dragon (Tar:1)
  Maurice (D:9)
  A naga zombie (Tar:7)
  3 water nymphs
  A worldbinder (Abyss:3)
  3 dire elephant zombies
  A naga mage (Abyss:3)
  8 titan simulacra
  2 gargoyles
  30 orange demons
  11 torpor snails
  3 alligator snapping turtle zombies
  8 molten gargoyles (Geh:7)
  23 vault sentinels
  17 cane toads
  6 spectral redbacks (Spider:4)
  6 unseen horrors
  13 komodo dragons
  3 kobold demonologists
  9 anaconda simulacra
  36 yaktaurs
  20 hellions
  Psyche (D:10)
  A bunyip simulacrum (Crypt:2)
  3 rime drakes
  21 demonic crawlers
  7 efreet
  6 ice devils
  29 tormentors
  6 tengu conjurers
  2 iron troll zombies (Crypt:1)
  4 ancient zymes (Abyss:3)
  An alligator snapping turtle skeleton (Pan)
  5 iron giant simulacra
  19 freezing wraiths
  28 hellwings
  4 golden dragon simulacra (IceCv)
  An entropy weaver simulacrum (IceCv)
  13 guardian mummies
  8 red devils
  7 spectral harpies
  35 merfolk
  2 harpy zombies (Crypt:2)
  3 meliai (Spider:4)
  3 spectral tarantellas (Spider:4)
  A troll (shapeshifter) (Abyss:3)
  4 polar bears
  11 trolls
  3 silent spectres
  An iron troll skeleton (Crypt:1)
  22 tarantellas
  7 hornets
  A spectral culicivora (Spider:4)
  9 wind drakes
  A tarantella (shapeshifter) (Abyss:3)
  A shadow dragon simulacrum (Coc:1)
  2 jumping spider zombies (Spider:4)
  3 harpy skeletons
  3 ettin zombies
  A fire dragon zombie (Crypt:1)
  A moth of wrath zombie (Crypt:2)
  A tarantella zombie (Spider:4)
  17 blink frogs
  A satyr zombie (Crypt:1)
  A culicivora zombie (Spider:4)
  11 snapping turtles
  44 slime creatures
  6 dream sheep
  25 jumping spiders
  A spectral jumping spider (Spider:4)
  9 raiju
  2 spectral elephants (Lair:6)
  2 stone giant simulacra
  6 iron dragon simulacra
  2 air elementals
  A fire giant simulacrum (Depths:1)
  69 flying skulls
  4 shadows
  3 jumping spiders (shapeshifter)
  2 naga simulacra
  51 yaks
  A centaur simulacrum (Crypt:3)
  5 spriggans
  25 culicivoras
  3 ettin skeletons
  17 ynoxinuls (Pan)
  7 wyverns
  24 water elementals
  27 wraiths
  11 fire bats
  16 dire elephant simulacra
  4 vampires
  3 golden eyes (Pan)
  A human (shapeshifter) (D:13)
  47 redbacks
  An alligator snapping turtle simulacrum (Coc:2)
  4 basilisks
  5 hogs (Lair:6)
  4 ushabtiu
  3 fire elementals
  A wind drake zombie (Crypt:2)
  An elf zombie (Vaults:1)
  20 neqoxecs
  A vampire mosquito (D:12)
  A fire bat (shapeshifter) (D:13)
  2 steam dragons
  3 nagas (Abyss:3)
  2 wargs
  A death yak simulacrum (Lair:6)
  A minotaur simulacrum (IceCv)
  16 harpy simulacra
  An elf skeleton (Vaults:2)
  17 chaos spawn
  3 spectral cane toads (Lair:6)
  8 acid dragons
  A naga (shapeshifter) (Vaults:5)
  10 small abominations
  2 spatial vortices (Abyss:2)
  An acid dragon (shapeshifter) (Vaults:5)
  12 water moccasins
  6 hydra simulacra
  A deep troll zombie (Crypt:1)
  4 naga skeletons
  2 deep troll skeletons (Crypt:1)
  An ogre skeleton (Vaults:4)
  16 orc warriors
  2 ice beasts
  A sky beast (D:6)
  7 necrophages
  A black mamba simulacrum (Crypt:2)
  6 black bears
  20 starcursed masses (Abyss:3)
  A black bear (shapeshifter) (D:10)
  5 boggarts (Vaults:1)
  8 ettin simulacra
  21 ogres
  A tengu (shapeshifter) (Elf:2)
  12 wolves
  A swamp dragon skeleton (Crypt:1)
  14 centaurs
  A phantom (D:5)
  3 kobold brigands
  A bullfrog (shapeshifter) (Vaults:5)
  A cyclops zombie (Crypt:2)
  4 earth elementals
  2 gnoll sergeants
  13 bullfrogs
  A deep troll simulacrum (IceCv)
  3 cane toad simulacra (Lair:6)
  3 scorpions
  A yaktaur skeleton (Crypt:2)
  A wyvern skeleton (Crypt:2)
  A raiju zombie (Crypt:1)
  3 elephant simulacra (Lair:6)
  A wight (D:9)
  13 killer bees
  An electric eel (D:12)
  2 howler monkeys
  3 crimson imps (Pan)
  A bullfrog zombie (D:5)
  3 centaur zombies
  A basilisk zombie (Crypt:1)
  6 orc priests
  2 jellies
  2 quasits (Abyss:3)
  6 hounds
  Ijyb (D:3)
  3 bullfrog skeletons
  3 centaur skeletons
  3 iguanas
  11 hell rats (Hell)
  26 orc wizards
  Natasha (thrice) (D:4)
  A killer bee zombie (D:7)
  A howler monkey zombie (D:9)
  17 mummies
  2 hound skeletons
  20 gnolls
  9 adders
  4 white imps
  2 ufetubi
  A worm zombie (Crypt:1)
  An adder skeleton (Crypt:2)
  5 dart slugs
  77 orcs
  10 endoplasms
  10 giant cockroaches
  5 goblins
  3 hobgoblins
  3 jackals (D:1)
  5 quokkas
  5 ball pythons
  5 bats
  2 frilled lizards
  A hobgoblin skeleton (Crypt:2)
  13 kobolds
  A quokka skeleton (Crypt:2)
  7 rats
  4 ball lightnings (Pan)
  3 creeping infernos
  50 fire vortices
  A starspawn tentacle (Abyss:3)
  A tentacle (Shoals:3)
4038 creatures vanquished.

Vanquished Creatures (others)
  A caustic shrike (Hell)
  A balrug (Geh:5)
  A demonspawn blood saint (Pan)
  A lorocyproca (Pan)
  A wendigo (Coc:7)
  A deep elf annihilator (Elf:3)
  A deep elf high priest (Vaults:5)
  A caustic shrike simulacrum (Coc:7)
  2 stokers
  3 juggernaut simulacra
  A hell knight (Hell)
  An iron troll (Hell)
  2 quicksilver dragon simulacra (Coc:7)
  A spriggan simulacrum (Coc:5)
  A deep elf pyromancer (Elf:2)
  A deep elf zephyrmancer (Elf:2)
  A stone giant zombie (Hell)
  A freezing wraith (Hell)
  An iron giant simulacrum (Coc:5)
  An anaconda simulacrum (Coc:5)
  A tarantella (Spider:2)
  A raiju (Abyss:3)
  A stone giant simulacrum (Coc:5)
  A dire elephant simulacrum (Coc:4)
  2 humans (Lair:6)
  A redback (Spider:2)
  A harpy simulacrum (Coc:7)
  An ettin simulacrum (Coc:5)
  2 naga simulacra
  A gnoll (D:5)
  8 ball lightnings (Pan)
  A bush (Lair:6)
  5 creeping infernos
  5 fire vortices
  81 fungi
  2 lurking horrors (Abyss:3)
  125 plants
  3 starspawn tentacles (Abyss:3)
  7 tentacles (Shoals:3)
  4 toadstools (D:14)
  20 withered plants (Lair:6)
297 creatures vanquished.

Grand Total: 4335 creatures vanquished

Notes
Turn   | Place    | Note
-------+----------+-------------------------------------------
     0 | D:1      | danielguo94 the Gargoyle Fighter began the quest for the
                  | Orb.
     0 | D:1      | Reached XP level 1. HP: 14/14 MP: 1/1
    67 | D:1      | Reached XP level 2. HP: 10/19 MP: 2/2
   219 | D:1      | Found a faded altar of an unknown god.
   324 | D:1      | Reached XP level 3. HP: 15/23 MP: 3/3
   998 | D:2      | Reached XP level 4. HP: 28/28 MP: 4/4
  1256 | D:2      | Found Qiseut's Assorted Antiques.
  1266 | D:2      | Bought a scroll labelled JEVISS UZUOSH for 25 gold pieces
  1571 | D:3      | Noticed Ijyb
  1596 | D:3      | Killed Ijyb
  1597 | D:3      | Reached XP level 5. HP: 26/33 MP: 5/5
  1794 | D:3      | Found a radiant altar of Vehumet.
  2149 | D:2      | Bought a scroll labelled XATICZISIA for 25 gold pieces
  2149 | D:2      | Bought a scroll of identify for 50 gold pieces
  2276 | D:3      | Reached skill level 1 in Dodging
  2691 | D:4      | Reached XP level 6. HP: 38/38 MP: 6/6
  2768 | D:4      | Found a white marble altar of Elyvilon.
  2877 | D:4      | Noticed Natasha
  2900 | D:4      | Killed Natasha
  2901 | D:4      | Reached skill level 5 in Maces & Flails
  3297 | D:4      | Noticed a necrophage
  3305 | D:4      | Killed a necrophage
  3306 | D:4      | Reached XP level 7. HP: 41/43 MP: 7/7
  3442 | D:4      | Found a staircase to the Ecumenical Temple.
  3719 | D:5      | Entered Level 5 of the Dungeon
  3895 | D:5      | Found a snail-covered altar of Cheibriados.
  3988 | D:5      | Reached XP level 8. HP: 45/48 MP: 8/8
  4000 | D:5      | Reached skill level 5 in Armour
  4584 | D:4      | Noticed Natasha
  4587 | Temple   | Entered the Ecumenical Temple
  4602 | Temple   | Became a worshipper of the Shining One
  4633 | D:4      | Killed Natasha
  4742 | D:4      | Noticed Natasha
  4751 | D:4      | Killed Natasha
  4840 | D:6      | Reached skill level 5 in Fighting
  4840 | D:6      | Reached XP level 9. HP: 43/54 MP: 9/9
  4926 | D:6      | Found Gejer's Distillery.
  4949 | D:6      | Bought 2 potions of degeneration for 20 gold pieces
  4952 | D:6      | Bought a potion of curing for 30 gold pieces
  5110 | D:6      | Reached skill level 10 in Maces & Flails
  5532 | D:7      | Reached * piety under the Shining One
  5649 | D:7      | Found a runed translucent door.
  5761 | D:6      | Reached XP level 10. HP: 26/60 MP: 10/10
  5839 | D:7      | Reached skill level 5 in Shields
  6222 | D:8      | Found a staircase to the Lair.
  6243 | D:8      | HP: 3/61 [komodo dragon (20)]
  6407 | D:8      | Found an ornate altar of the Wu Jian Council.
  6505 | D:8      | Found an ancient bone altar of Kikubaaqudgha.
  6541 | D:8      | Found Laxit's Distillery.
  6549 | D:8      | Bought a potion of brilliance for 52 gold pieces
  6597 | D:8      | Found a runed translucent door.
  6598 | D:8      | Found a burning altar of Makhleb.
  6598 | D:8      | Noticed a sixfirhy
  6744 | D:8      | Identified the +5 dagger "Womiaq" {venom, rC+}
  6754 | D:8      | Found a sacrificial altar of Ru.
  6754 | D:8      | Found a glowing silver altar of Zin.
  7479 | D:8      | Killed a sixfirhy
  7558 | D:9      | Reached ** piety under the Shining One
  7563 | D:9      | Noticed Erica
  7579 | D:9      | Killed Erica
  7580 | D:9      | Reached XP level 11. HP: 61/67 MP: 11/11
  7701 | D:9      | Noticed Maurice
  7746 | D:9      | Killed Maurice
  7851 | D:9      | Noticed a two-headed ogre
  8011 | D:9      | Killed a two-headed ogre
  8182 | D:9      | Noticed Harold
  8195 | D:9      | Killed Harold
  8271 | D:9      | Noticed a boulder beetle
  8295 | D:9      | Noticed a two-headed ogre
  8298 | D:9      | Noticed a two-headed ogre
  8298 | D:9      | Noticed a seven-headed hydra
  8307 | D:9      | Killed a two-headed ogre
  8346 | D:9      | Killed a seven-headed hydra
  8361 | D:9      | Killed a two-headed ogre
  8502 | D:9      | Killed a boulder beetle
  8503 | D:9      | Reached XP level 12. HP: 72/75 MP: 12/12
  8589 | Lair:1   | Entered Level 1 of the Lair of Beasts
  8994 | Lair:1   | Reached skill level 15 in Maces & Flails
  9198 | Lair:1   | Reached *** piety under the Shining One
  9247 | Lair:1   | Reached skill level 1 in Evocations
 10360 | Lair:3   | Noticed a boulder beetle
 10363 | Lair:3   | Reached skill level 10 in Fighting
 10375 | Lair:3   | HP: 2/77 [boulder beetle (30)]
 10552 | Lair:3   | Noticed an eight-headed hydra
 10583 | Lair:3   | Killed an eight-headed hydra
 10585 | Lair:3   | Noticed a catoblepas
 10607 | Lair:3   | Killed a catoblepas
 10608 | Lair:3   | Reached XP level 13. HP: 41/82 MP: 13/13
 11095 | Lair:4   | Reached skill level 10 in Armour
 11096 | Lair:4   | Found a staircase to the Shoals.
 11453 | Lair:4   | Noticed Josephine
 11465 | Lair:4   | Reached **** piety under the Shining One
 11481 | Lair:4   | Killed Josephine
 11978 | Lair:4   | Found a hole to the Spider Nest.
 12425 | Lair:5   | Found a staircase to the Slime Pits.
 12770 | Lair:6   | Entered Level 6 of the Lair of Beasts
 12864 | Lair:6   | Reached ***** piety under the Shining One
 12942 | Lair:6   | Gained mutation: Your large and strong wings let you fly.
                  | [Gargoyle growth]
 12942 | Lair:6   | Reached XP level 14. HP: 86/90 MP: 14/14
 13424 | Lair:6   | Noticed Kirke
 13448 | Lair:6   | Killed Kirke
 13466 | Lair:6   | Reached skill level 1 in Invocations
 13804 | Lair:6   | Noticed a dire elephant
 13804 | Lair:6   | Noticed a dire elephant
 13804 | Lair:6   | Noticed a dire elephant
 13805 | Lair:6   | Found the ring of the Hare {EV+8}
 13826 | Lair:6   | Killed a dire elephant
 13862 | Lair:6   | Noticed a dire elephant
 13883 | Lair:6   | Killed a dire elephant
 14520 | Lair:6   | Killed a dire elephant
 14557 | Lair:6   | Killed a dire elephant
 14558 | Lair:6   | Reached XP level 15. HP: 57/98 MP: 18/18
 14850 | D:10     | Entered Level 10 of the Dungeon
 14889 | D:10     | Noticed Urug
 14908 | D:10     | Killed Urug
 14981 | D:10     | Found Cykkuhit's Weapon Boutique.
 14981 | D:10     | Found a staircase to the Orcish Mines.
 14981 | D:10     | Found Vutwante's Armour Boutique.
 15223 | D:10     | Noticed Sonja
 15235 | D:10     | Killed Sonja
 15478 | D:10     | Noticed Psyche
 15485 | D:10     | Killed Psyche
 15500 | D:10     | Noticed Gastronok
 15513 | D:10     | Killed Gastronok
 15800 | D:11     | Found Suukapan's Assorted Antiques.
 15803 | D:11     | Bought a potion of haste for 310 gold pieces
 16091 | D:11     | Reached ****** piety under the Shining One
 16496 | Orc:1    | Entered Level 1 of the Orcish Mines
 16496 | Orc:1    | Noticed an orc warlord
 16528 | D:10     | Reached skill level 5 in Invocations
 16574 | D:10     | Killed an orc warlord
 16772 | Orc:1    | Found Divot's Assorted Antiques.
 16779 | Orc:1    | Bought a lumpy orange potion for 29 gold pieces
 16857 | Orc:2    | Entered Level 2 of the Orcish Mines
 16900 | Orc:2    | Found a staircase to the Elven Halls.
 17760 | Orc:2    | Found Menum's Antique Armour Boutique.
 17969 | Orc:2    | Reached skill level 10 in Shields
 18133 | Orc:2    | Found Otacate's Armour Shop.
 18138 | Orc:2    | Found Leba's Antique Weapon Emporium.
 18142 | Orc:2    | Found Xoptusch's Assorted Antiques.
 18160 | Orc:2    | Bought a grey potion for 19 gold pieces
 18160 | Orc:2    | Bought a potion of might for 88 gold pieces
 18170 | Orc:2    | Bought a +2 pair of boots of rampaging for 279 gold pieces
 18372 | D:11     | Bought a glowing plate armour for 806 gold pieces
 19713 | D:13     | Identified the +7 short sword "Oboddex" {speed, Fly Dex+2}
 19773 | D:13     | Found a gate to the Vaults.
 19818 | D:13     | Reached XP level 16. HP: 91/105 MP: 21/21
 20413 | D:14     | Found an ornate altar of the Wu Jian Council.
 20542 | D:14     | Found a radiant altar of Vehumet.
 21560 | D:15     | Entered Level 15 of the Dungeon
 21817 | D:15     | Found a staircase to the Depths.
 22441 | Spider:1 | Entered Level 1 of the Spider Nest
 23007 | Spider:1 | Reached XP level 17. HP: 101/112 MP: 13/23
 24337 | Spider:2 | You are sucked into a shaft and drop 1 floor!
 24369 | Spider:3 | Found a transporter.
 24373 | Spider:3 | Found a transporter.
 24860 | Spider:3 | Reached skill level 10 in Invocations
 25693 | Spider:4 | Entered Level 4 of the Spider Nest
 25805 | Spider:4 | Reached skill level 15 in Fighting
 26570 | Spider:4 | Reached XP level 18. HP: 91/119 MP: 17/26
 26792 | Spider:4 | Reached skill level 15 in Shields
 26817 | Spider:4 | Identified the +0 pair of gloves of Burning Freedom {rPois}
 26834 | Spider:4 | Got a gossamer rune of Zot
 27129 | Spider:4 | Reached skill level 5 in Dodging
 27654 | Shoals:1 | Entered Level 1 of the Shoals
 28124 | Shoals:1 | Found Naquceghurr's Magic Scroll Boutique.
 28135 | Shoals:1 | Bought a scroll of enchant armour for 120 gold pieces
 28135 | Shoals:1 | Bought a scroll of magic mapping for 56 gold pieces
 28135 | Shoals:1 | Bought a scroll of immolation for 56 gold pieces
 28135 | Shoals:1 | Bought a scroll of immolation for 56 gold pieces
 28135 | Shoals:1 | Bought a scroll of identify for 32 gold pieces
 28136 | Shoals:1 | Bought a scroll of fear for 56 gold pieces
 28136 | Shoals:1 | Bought a scroll of fear for 56 gold pieces
 28136 | Shoals:1 | Bought a scroll of fear for 56 gold pieces
 29486 | Shoals:3 | Noticed Jorgrun
 29493 | Shoals:3 | Noticed Polyphemus
 29504 | Shoals:3 | Killed Jorgrun
 29505 | Shoals:3 | Reached XP level 19. HP: 41/125 MP: 4/28
 29635 | Shoals:3 | Killed Polyphemus
 29976 | Shoals:3 | Noticed Ilsuiw
 29993 | Shoals:3 | Killed Ilsuiw
 30381 | Shoals:4 | Entered Level 4 of the Shoals
 31386 | Shoals:4 | Identified the +7 short sword of a Gauntlet {speed, Int+4}
 31505 | Shoals:4 | Got a barnacled rune of Zot
 32123 | Elf:1    | Entered Level 1 of the Elven Halls
 32516 | Elf:1    | Paralysed by an air elemental for 1 turns
 33036 | Elf:1    | Reached XP level 20. HP: 132/132 MP: 23/30
 33429 | Elf:2    | Found a shimmering blue altar of Sif Muna.
 33694 | Elf:2    | Reached skill level 15 in Armour
 33701 | Elf:2    | Found a runed translucent gate.
 33702 | Elf:2    | Found a runed translucent gate.
 33702 | Elf:2    | Found a runed translucent gate.
 34479 | Elf:2    | Reached skill level 15 in Invocations
 34542 | Elf:3    | Entered Level 3 of the Elven Halls
 34570 | Elf:3    | Found a frozen archway.
 34588 | IceCv    | Entered an ice cave
 34967 | IceCv    | Identified the +9 ice dragon scales of Gunleihi {rElec rF-
                  | rC++ rCorr Slay-2}
 35305 | Elf:3    | Found Arouts's General Store.
 35312 | Elf:3    | Bought 2 potions of heal wounds for 160 gold pieces
 35312 | Elf:3    | Bought a potion of cancellation for 128 gold pieces
 35312 | Elf:3    | Bought 2 potions of cancellation for 256 gold pieces
 35312 | Elf:3    | Bought a scroll of summoning for 152 gold pieces
 35312 | Elf:3    | Bought a scroll of teleportation for 48 gold pieces
 36065 | Elf:2    | Found a radiant altar of Vehumet.
 36329 | Elf:3    | Identified the ring of Guhygyunk {rElec rPois Will- rCorr
                  | SInv}
 36513 | Elf:3    | Reached XP level 21. HP: 97/140 MP: 33/33
 36571 | Elf:3    | Identified the ring "Relyopso" {Fire rPois rCorr MP-9
                  | Dex+6}
 36616 | Elf:3    | Found the amulet of the Air {Inacc Air Fly rElec RMsl}
 36623 | Elf:3    | Got Ireunneps's Papyrus of Supportive Flight
 36625 | Elf:3    | Got the Guide on the Rocks and Envenoming
 36635 | Elf:3    | Got Sanitt's Tome of Flight and Beguiling
 36925 | Vaults:1 | Entered Level 1 of the Vaults
 37098 | D:10     | Bought a +0 morningstar for 60 gold pieces
 37440 | Vaults:1 | Found a large runed translucent door.
 37440 | Vaults:1 | Found a large runed translucent door.
 37440 | Vaults:1 | Found a large runed translucent door.
 37440 | Vaults:1 | Found a large runed translucent door.
 37440 | Vaults:1 | Found a large runed translucent door.
 37440 | Vaults:1 | Found a large runed translucent door.
 37440 | Vaults:1 | Found a large runed translucent door.
 37440 | Vaults:1 | Found a large runed translucent door.
 37440 | Vaults:1 | Noticed Faydane's ghost (veteran HuFi)
 37585 | Vaults:1 | Found Gozag's Antique Weapon Shop.
 37586 | Vaults:1 | Found Gozag's Assorted Antiques.
 38462 | Vaults:2 | Found a staircase to the Crypt.
 38484 | Vaults:2 | You are sucked into a shaft and drop 1 floor!
 38903 | Vaults:2 | Reached XP level 22. HP: 148/148 MP: 34/34
 39792 | Vaults:1 | Found an opulent altar of Gozag.
 39796 | Vaults:1 | Found Gozag's Assorted Antiques.
 40338 | Vaults:1 | Bought a scroll of enchant weapon for 750 gold pieces
 40338 | Vaults:1 | Bought a scroll of enchant weapon for 750 gold pieces
 40346 | Vaults:1 | Bought a potion of berserk rage for 500 gold pieces
 43336 | Vaults:4 | Reached XP level 23. HP: 156/156 MP: 36/36
 43534 | Crypt:1  | Entered Level 1 of the Crypt
 44596 | Crypt:2  | Paralysed by a vampire knight for 2 turns
 44759 | Crypt:2  | Identified the +0 chain mail of Duty {Harm rF+ rC+ Dex+4}
 45074 | Crypt:3  | Entered Level 3 of the Crypt
 45126 | Crypt:3  | Noticed Boris
 45142 | Crypt:3  | Killed Boris
 45413 | Crypt:3  | Found a basalt altar of Yredelemnul.
 45475 | Crypt:3  | Reached XP level 24. HP: 166/166 MP: 35/36
 45576 | Crypt:3  | Noticed Frederick
 45584 | Crypt:3  | Killed Frederick
 45829 | Crypt:3  | Found a staircase to the Tomb.
 45829 | Crypt:3  | Noticed a dread lich
 45834 | Crypt:3  | Killed a dread lich
 46028 | Crypt:3  | Noticed Margery
 46044 | Crypt:3  | Killed Margery
 46349 | Vaults:1 | Killed Faydane's ghost
 46574 | Depths:1 | Entered Level 1 of the Depths
 46646 | Depths:1 | You are sucked into a shaft and drop 1 floor!
 46799 | Depths:2 | Noticed a royal mummy
 46817 | Depths:2 | Killed a royal mummy
 46851 | Depths:2 | Noticed a royal mummy
 46855 | Depths:2 | Noticed a royal mummy
 46860 | Depths:2 | Killed a royal mummy
 46867 | Depths:2 | Killed a royal mummy
 46919 | Depths:2 | Found the +7 sceptre of Torment {pain, torment}
 47020 | Depths:2 | Found a hide-covered altar of Uskayaw.
 47089 | Depths:2 | Noticed Bai Suzhen
 47110 | Depths:2 | Killed Bai Suzhen
 47228 | Depths:2 | Found a one-way gate leading to the halls of Pandemonium.
 47320 | Depths:2 | Found a gateway to Hell.
 47627 | Depths:1 | Found Guin's Armour Shop.
 49568 | Depths:3 | Found Xixytz's Armour Boutique.
 49569 | Depths:3 | Noticed Mara
 49572 | Depths:3 | Noticed danielguo94's illusion
 49591 | Depths:3 | Noticed Xtahua
 49653 | Depths:3 | Noticed Sojobo
 49661 | Depths:3 | Reached XP level 25. HP: 164/173 MP: 37/37
 49672 | Depths:2 | Killed Sojobo
 49765 | Depths:3 | Found a shimmering blue altar of Sif Muna.
 49971 | Depths:3 | Found a one-way gate to the infinite horrors of the Abyss.
 50108 | Depths:3 | Noticed Mennas
 50188 | Depths:2 | Killed Xtahua
 50192 | Depths:2 | Killed Mennas
 50400 | Depths:3 | Noticed danielguo94's illusion
 50477 | Depths:3 | Noticed danielguo94's illusion
 50642 | Depths:3 | Killed Mara
 50676 | Depths:3 | Found Carch's Antique Weapon Boutique.
 50679 | Depths:3 | Found Kuss's Weapon Shop.
 50679 | Depths:3 | Found Vikaho Qesy's Antique Armour Boutique.
 50684 | Depths:3 | Found Nemymnot's General Store.
 50706 | Depths:3 | Bought a potion of heal wounds for 105 gold pieces
 50706 | Depths:3 | Bought a scroll of teleportation for 63 gold pieces
 50709 | Depths:3 | Bought a bloodstained cloak for 408 gold pieces
 50709 | Depths:3 | Identified the +1 cloak of Fumu {rElec rPois rC+ Dex-2}
                  | (You bought it in a shop on level 3 of the Depths)
 50713 | Depths:3 | Bought a pair of polished gloves for 408 gold pieces
 50713 | Depths:3 | Identified the -4 pair of gloves of the Trombone {Dex+4}
                  | (You bought it in a shop on level 3 of the Depths)
 50936 | Depths:3 | Found a snail-covered altar of Cheibriados.
 50957 | Depths:3 | Got Ofitisk's Disquisition on the Floating Blaze
 51064 | Depths:4 | Entered Level 4 of the Depths
 51064 | Depths:4 | Noticed a juggernaut
 51092 | Depths:3 | Killed a juggernaut
 51515 | Depths:4 | Found a gate to the Realm of Zot.
 51706 | Depths:4 | Found a one-way gateway to a ziggurat.
 51800 | Depths:4 | Reached XP level 26. HP: 181/181 MP: 38/38
 52299 | D:11     | Identified a +6 broad axe of holy wrath (a +4 broad axe
                  | blessed by the Shining One)
 52299 | D:11     | Received a gift from the Shining One
 52516 | Vaults:5 | Entered Level 5 of the Vaults
 52667 | Vaults:5 | Paralysed by a floating eye for 2 turns
 53407 | Vaults:5 | Got the Tome of Frigorific Stolen Souls
 53431 | Vaults:5 | Identified the +0 scale mail of Gluttony {Rampage rC-
                  | Int+2}
 53633 | Vaults:5 | Noticed an ancient lich
 53642 | Vaults:5 | Killed an ancient lich
 53777 | Vaults:5 | Got a silver rune of Zot
 54283 | Zot:1    | Entered Level 1 of the Realm of Zot
 54591 | Zot:1    | Reached XP level 27. HP: 185/188 MP: 38/38
 54886 | Zot:1    | You are sucked into a shaft and drop 1 floor!
 54916 | Zot:2    | Identified a scroll of acquirement
 54917 | Zot:2    | Acquired the +0 helmet "Eczed" {rF+}
 55565 | Zot:2    | Reached skill level 1 in Axes
 56004 | Zot:2    | Identified the +6 scimitar of Utenoziu {freeze, +Blink rC++
                  | rN+ Dex-5}
 56420 | Zot:1    | Identified the +0 morningstar "Cej Ruus" {flame, rElec
                  | rCorr}
 56695 | Zot:3    | Noticed an ancient lich
 56723 | Zot:3    | Killed an ancient lich
 57051 | Zot:2    | Reached skill level 27 in Shields
 58419 | Zot:4    | Acquired the +2 pair of gloves of Hairiness {rElec Int+4}
 58683 | Depths:3 | Voluntarily entered the Abyss.
 58792 | Abyss:2  | Found a corrupted altar of Lugonu.
 58838 | Abyss:3  | Found a hazy altar of Hepliaklqana.
 58838 | Abyss:3  | Found an ancient bone altar of Kikubaaqudgha.
 58838 | Abyss:3  | Found a broken altar of Ashenzari.
 58838 | Abyss:3  | Found a hide-covered altar of Uskayaw.
 58838 | Abyss:3  | Found a radiant altar of Vehumet.
 58838 | Abyss:3  | Found a stormy altar of Qazlal.
 58839 | Abyss:3  | Found an opulent altar of Gozag.
 58839 | Abyss:3  | Found a basalt altar of Yredelemnul.
 58839 | Abyss:3  | Found a shimmering blue altar of Sif Muna.
 58839 | Abyss:3  | Found a white marble altar of Elyvilon.
 58840 | Abyss:3  | Found a burning altar of Makhleb.
 58842 | Abyss:3  | Found a shadowy altar of Dithmenos.
 58842 | Abyss:3  | Found a bloodstained altar of Trog.
 58842 | Abyss:3  | Found a blossoming altar of Fedhas.
 58844 | Abyss:3  | Found a sparkling altar of Nemelex Xobeh.
 58844 | Abyss:3  | Found an ornate altar of the Wu Jian Council.
 58844 | Abyss:3  | Found an iron altar of Okawaru.
 58844 | Abyss:3  | Found a glowing golden altar of the Shining One.
 58846 | Abyss:3  | Found a shimmering altar of Xom.
 58846 | Abyss:3  | Found a glowing golden altar of the Shining One.
 58846 | Abyss:3  | Found a glowing silver altar of Zin.
 59110 | Abyss:3  | Gained mutation: You are weak. (Str -2) [a neqoxec]
 59111 | Abyss:3  | Gained mutation: Your body sometimes deteriorates upon
                  | taking damage. [a neqoxec]
 59473 | Abyss:3  | Found a corrupted altar of Lugonu.
 59626 | Depths:3 | Escaped the Abyss
 59698 | Hell     | Entered the Vestibule of Hell
 59699 | Hell     | Noticed Geryon
 59718 | Hell     | Reached skill level 5 in Axes
 59724 | Hell     | Killed Geryon
 59739 | Hell     | Noticed Murray
 59754 | Hell     | Cast into level 2 of the Abyss (reaper)
 59782 | Abyss:2  | Gained mutation: Your body often deteriorates upon taking
                  | damage. [a neqoxec]
 59786 | Abyss:2  | Gained mutation: Your flesh is heat resistant. (rF+) [a
                  | neqoxec]
 59926 | Abyss:3  | Noticed an ancient lich
 59927 | Abyss:3  | Noticed an ancient lich
 59934 | Abyss:3  | Noticed an ancient lich
 59935 | Abyss:3  | Killed an ancient lich
 59937 | Abyss:3  | Killed an ancient lich
 59941 | Abyss:3  | Killed an ancient lich
 59952 | Abyss:3  | Reached skill level 1 in Short Blades
 59952 | Abyss:3  | Reached skill level 1 in Polearms
 59952 | Abyss:3  | Reached skill level 1 in Bows
 59952 | Abyss:3  | Reached skill level 1 in Crossbows
 59952 | Abyss:3  | Reached skill level 1 in Stealth
 59952 | Abyss:3  | Reached skill level 1 in Conjurations
 59952 | Abyss:3  | Reached skill level 1 in Hexes
 59952 | Abyss:3  | Reached skill level 1 in Fire Magic
 59952 | Abyss:3  | Reached skill level 1 in Ice Magic
 59952 | Abyss:3  | Reached skill level 1 in Earth Magic
 59952 | Abyss:3  | Reached skill level 1 in Poison Magic
 59952 | Abyss:3  | Got an abyssal rune of Zot
 59959 | Hell     | Escaped the Abyss
 59969 | Hell     | Killed Murray
 60046 | Hell     | Found a gateway to the decaying netherworld of Tartarus.
 60077 | Hell     | Found a gateway to the ashen valley of Gehenna.
 60147 | Hell     | Found a gateway to the Iron City of Dis.
 60223 | Hell     | Found a gateway to the freezing wastes of Cocytus.
 60696 | D:2      | Bought a potion of lignification for 75 gold pieces
 60696 | D:2      | Bought a scroll of brand weapon for 500 gold pieces
 61079 | Tar:1    | Entered Level 1 of Tartarus
 61133 | Tar:1    | Noticed a dread lich
 61146 | Tar:1    | Killed a dread lich
 61455 | Tar:2    | Noticed a dread lich
 61468 | Tar:2    | Gained mutation: You are very weak. (Str -4) [a cacodemon]
 61469 | Tar:2    | Killed a dread lich
 61592 | Tar:3    | Reached skill level 10 in Axes
 62475 | Tar:7    | Entered Level 7 of Tartarus
 62504 | Tar:7    | Noticed a dread lich
 62518 | Tar:7    | Killed a dread lich
 62522 | Tar:7    | Noticed a dread lich
 62531 | Tar:7    | Paralysed by a dread lich for 6 turns
 62542 | Tar:7    | Killed a dread lich
 62570 | Tar:7    | Noticed a dread lich
 62573 | Tar:7    | Paralysed by a dread lich for 2 turns
 62583 | Tar:7    | Killed a dread lich
 62736 | Tar:7    | Noticed a dread lich
 62751 | Tar:7    | Killed a dread lich
 62782 | Tar:7    | Noticed Ereshkigal
 62816 | Tar:7    | Killed Ereshkigal
 62844 | Tar:7    | Got a bone rune of Zot
 63018 | Tar:7    | Reached skill level 15 in Axes
 63047 | Tar:7    | Got the Tome of Dislocation and Venom
 63093 | Tar:7    | Got the Incunabulum of Conjuration
 63095 | Tar:7    | Identified the +8 war axe of Action {vorpal, *Corrode rPois
                  | Str+9 Dex+7}
 63471 | Tar:7    | Identified the +9 battleaxe "Itsycvia" {distort, Int+10}
 63707 | Tar:7    | Identified the ring "Joag" {rPois rF+ rC+}
 63708 | Tar:7    | Identified the +1 plate armour of the Weaver {Dex+6 Stlth+}
 63988 | Pan      | Entered Pandemonium
 64102 | Pan      | Noticed Hogeoc the pandemonium lord
 64118 | Pan      | Killed Hogeoc the pandemonium lord
 64163 | Pan      | Got a demonic rune of Zot
 64164 | Pan      | Identified the +4 dire flail of Orogroet {freeze, rF- Will+
                  | Int+9}
 64907 | Pan      | Noticed Zixkic the pandemonium lord
 64957 | Pan      | Killed Zixkic the pandemonium lord
 65119 | Pan      | Found an exit through the horrors of the Abyss.
 65540 | Pan      | Found an exit through the horrors of the Abyss.
 65795 | Pan      | Gained mutation: You are occasionally teleported next to
                  | monsters. [a cacodemon]
 65854 | Pan      | Entered the realm of Cerebov.
 65879 | Pan      | Found the +6 sword of Cerebov {flame}
 65879 | Pan      | Noticed Cerebov
 65889 | Pan      | Reached skill level 27 in Invocations
 65903 | Pan      | Killed Cerebov
 65974 | Pan      | Identified the ring of Ajoy {Ice rElec Int+3}
 65977 | Pan      | Identified the +8 demon whip of Conscience {elec, Will++
                  | Stlth+}
 65980 | Pan      | Identified the +9 halberd "Ilosanki" {freeze, rElec rPois
                  | rC+++ Int-2}
 65999 | Pan      | Identified the +7 war axe "Vonogov" {pain, rF+ Dex+5}
 66018 | Pan      | Identified the +10 glaive of Subjectivity {venom, Int+2}
 66051 | Pan      | Identified the +8 whip of the Salmon {vorpal, rElec rN+
                  | MP+9 Int-2}
 66119 | Pan      | Got a fiery rune of Zot
 66315 | Pan      | Found an exit through the horrors of the Abyss.
 66693 | Pan      | Identified the +7 flail of Extremism {vorpal, Fly Will+
                  | Int+2 Stlth+}
 67277 | Pan      | Noticed Tomythraemo the pandemonium lord
 67289 | Pan      | Killed Tomythraemo the pandemonium lord
 67337 | Pan      | Entered the realm of Gloorx Vloq.
 67960 | Pan      | Noticed Gloorx Vloq
 67977 | Pan      | Killed Gloorx Vloq
 68002 | Pan      | Got a dark rune of Zot
 68124 | Pan      | Entered the realm of Lom Lobon.
 68296 | Pan      | Found an exit through the horrors of the Abyss.
 68523 | Pan      | Reached skill level 27 in Fighting
 68804 | Pan      | Noticed Lom Lobon
 68870 | Pan      | Killed Lom Lobon
 68888 | Pan      | Got a magical rune of Zot
 69197 | Pan      | Lost mutation: Your flesh is heat resistant. (rF+) [a
                  | cacodemon]
 69201 | Pan      | Gained mutation: You have hidden genetic defects. [a
                  | cacodemon]
 69221 | Pan      | Lost mutation: Your body often deteriorates upon taking
                  | damage. [potion of mutation]
 69221 | Pan      | Lost mutation: You are occasionally teleported next to
                  | monsters. [potion of mutation]
 69221 | Pan      | Lost mutation: You have hidden genetic defects. [potion of
                  | mutation]
 69221 | Pan      | Gained mutation: Your movements are slightly less
                  | encumbered by armour. (ER -2) [potion of mutation]
 69221 | Pan      | Gained mutation: Your skin changes colour to match your
                  | surroundings (Stealth+). [potion of mutation]
 69221 | Pan      | Gained mutation: You are somewhat resistant to further
                  | mutation. [potion of mutation]
 69279 | Pan      | Found an exit through the horrors of the Abyss.
 69320 | Pan      | Noticed Reahic the pandemonium lord
 69335 | Pan      | Killed Reahic the pandemonium lord
 69418 | Pan      | Entered the realm of Mnoleg.
 69951 | Pan      | Lost mutation: You are very weak. (Str -4) [a cacodemon]
 69955 | Pan      | Noticed Mnoleg
 69976 | Pan      | Killed Mnoleg
 70002 | Pan      | Got a glowing rune of Zot
 70396 | Pan      | Identified the +2 pair of boots of the Sunfish {rElec Str+4
                  | Int+3 Slay+2}
 70539 | Depths:3 | Escaped Pandemonium
 70638 | Geh:1    | Entered Level 1 of Gehenna
 70917 | Geh:2    | Noticed an ancient lich
 70926 | Geh:2    | Killed an ancient lich
 71571 | Geh:7    | Entered Level 7 of Gehenna
 72189 | Geh:7    | Identified the -6 cloak of the Prince of Darkness {rF+ rC+
                  | rCorr Stlth+}
 72296 | Geh:7    | Found the +7 sceptre of Asmodeus
 72296 | Geh:7    | Noticed Asmodeus
 72313 | Geh:7    | Killed Asmodeus
 72344 | Geh:7    | Got an obsidian rune of Zot
 72345 | Geh:7    | Identified the ring "Bytsa" {rF+ Str+2 Int+2 Dex+3}
 72588 | Coc:1    | Entered Level 1 of Cocytus
 73927 | Coc:5    | Paralysed by a wendigo for 1 turns
 73949 | Coc:5    | Paralysed by a wendigo for 1 turns
 74218 | Coc:6    | Noticed an ancient lich
 74220 | Coc:6    | Killed an ancient lich
 74393 | Coc:6    | Paralysed by a wendigo for 1 turns
 74575 | Coc:7    | Entered Level 7 of Cocytus
 74670 | Coc:7    | Paralysed by a wendigo for 1 turns
 74837 | Coc:7    | Paralysed by a wendigo for 1 turns
 74885 | Coc:7    | Noticed Antaeus
 74894 | Coc:7    | Paralysed by a wendigo for 1 turns
 74968 | Coc:7    | Paralysed by a wendigo for 1 turns
 75391 | Coc:7    | Killed Antaeus
 75392 | Coc:7    | Reached skill level 27 in Armour
 75399 | Coc:7    | Got an icy rune of Zot
 75507 | Coc:7    | Paralysed by a wendigo for 1 turns
 75540 | Dis:1    | Entered Level 1 of the Iron City of Dis
 75550 | Dis:1    | Reached skill level 10 in Dodging
 76517 | Dis:3    | Reached skill level 5 in Evocations
 77463 | Dis:5    | HP: 2/196 [Hell Sentinel/damnation (45)]
 78307 | Tomb:1   | Entered Level 1 of the Tomb of the Ancients
 78419 | Tomb:1   | Paralysed by a sphinx for 3 turns
 78813 | Tomb:1   | Noticed a royal mummy
 78820 | Tomb:1   | Killed a royal mummy
 80284 | Dis:7    | Entered Level 7 of the Iron City of Dis
 80879 | Dis:7    | Noticed a juggernaut
 80885 | Dis:7    | Killed a juggernaut
 80911 | Dis:7    | Identified the ring "Hecwud Dode" {rC- rN+ Str+6 Slay+3}
 80915 | Dis:7    | Got the Tome of Feathers
 80995 | Dis:7    | Reached skill level 15 in Dodging
 81562 | Dis:7    | Reached skill level 10 in Evocations
 82161 | Tomb:2   | Noticed a royal mummy
 82161 | Tomb:2   | Noticed a royal mummy
 82161 | Tomb:2   | Noticed a royal mummy
 82161 | Tomb:2   | Noticed a royal mummy
 82172 | Tomb:2   | Killed a royal mummy
 82175 | Tomb:2   | Killed a royal mummy
 82176 | Tomb:2   | Killed a royal mummy
 83159 | Dis:7    | Lost dexterity.
 83162 | Dis:7    | Slain by a Hell Sentinel

Illustrated notes

Levels and vault maps discovered:
D:1:      nzn_arrival_settlement, layout_rooms,
          dreamdust_ecumenical_altar_statues
D:2:      layout_basic, serial_shops, nicolae_shop_crystal,
          grunt_decor_mini_mirrors
D:3:      layout_basic, mainiacjoe_overflow_alcove_1, uniq_ijyb
D:4:      layout_basic, mainiacjoe_overflow_alcove_2,
          minmay_temple_entry_gardened_gates, amcnicky_mini_pool_small,
          uniq_natasha
D:5:      layout_layer_cave, chei_slow_surprise, minmay_joined_circles
D:6:      layout_loops_ring, serial_shops, shop
D:7:      layout_loops_ring, lightli_church_of_beogh
D:8:      layout_basic, mainiacjoe_overflow_alcove_4, nzn_makhleb_speed_demon,
          kennysheep_mini, gammafunk_temple_overflow_statue,
          david_lair_shrubbed, serial_shops, shop, kennysheep_small_spiral,
          dk_vineyard_2
D:9:      minmay_clustersquares, layout_rooms, uniq_erica, uniq_maurice,
          uniq_harold
D:10:     layout_stronghold, orc_david_3, uniq_gastronok, uniq_sonja, uniq_urug,
          uniq_psyche
D:11:     layout_irregular_city, serial_shops, kennysheep_mini_moat,
          kennysheep_another_room
D:12:     kennysheep_bubbly, layout_irregular_city, chequers_big_river,
          hangedman_glass_teeth
D:13:     layout_rooms, lightli_vaults_fourway_checkpoint, minmay_fountain_box,
          minmay_protected_statue
D:14:     layout_loops_corners, lemuel_coloured_pillars_altar,
          minmay_gold_behind_fungi, kennysheep_diamond
D:15:     grunt_enter_depths_snipers, layout_rooms,
          chequers_serial_rivers_micro_b
Temple:   jpeg_temple_clearing
Lair:1:   layout_hall_layers, chequers_serial_rivers_small_b, st_stairs_8,
          grunt_megastairs_5
Lair:2:   layout_loops_ring, beast_lair_carwin_10, grunt_megastairs_4
Lair:3:   layout_roguey, lemuel_fruit_tree, lemuel_fruit_fields,
          infiniplex_staircase_pool
Lair:4:   layout_roguey, minmay_shoals_entry_centaurs,
          hellmonk_spider_entry_life_and_decay, chequers_serial_rivers_room_a,
          grunt_megastairs_1, uniq_josephine
Lair:5:   layout_hall_layers, nicolae_slime_entry_slimehenge
Lair:6:   due_jungle_book, layout_loops_ring, uniq_kirke
Shoals:1: layout_shoals, serial_shops, shop_statue
Shoals:2: layout_shoals, abandoned_shop, nicolae_shoals_elemental_ambush
Shoals:3: layout_shoals, nicolae_shoals_isolated_beach, uniq_jorgrun,
          uniq_polyphemus, uniq_ilsuiw
Shoals:4: shoals_end_grunt_ice, layout_shoals
Spider:1: layout_spider_delve
Spider:2: layout_spider_delve, nicolae_spider_spiderdrome,
          hangedman_spider_tarantella_strand
Spider:3: gammafunk_boulding_lane, nicolae_spider_twisty_arc_passages
Spider:4: floodkiller_spider_rune_tomb, nicolae_spider_rock_and_or_roll
Orc:1:    layout_diamond_mine, serial_shops, shop, nicolae_orc_stony_grotto
Orc:2:    st_orc_open, layout_caves
Elf:1:    eino_elf_arrival_the_gate, layout_gridlike,
          kennysheep_underground_church
Elf:2:    nicolae_elf_blades_crystal_corner, layout_gridlike, basic_altar,
          lemuel_upstairs_altar
Elf:3:    grunt_elf_hall_asides, layout_loops_corners,
          portal_ice_cave_entry_frozen_things, serial_shops, shop, drop_trap,
          nicolae_elf_glass_and_crystal_pillar_1
Vaults:1: advil_vaults_ghost_lines, v_misc_1, nicolae_vaults_asterisk, v_misc_5,
          serial_ice_g, vaults_room_fancy_cross, v_misc_12,
          kennysheep_vaults_gozag_temple, hangedman_vaults_nails,
          nicolae_vaults_ring_of_whatevers, nicolae_vaults_inception_scallops,
          layout_vaults_maze
Vaults:2: minmay_crypt_entry_simple_walls, vaults_room_octagon,
          hangedman_vaults_cutoff, hangedman_vaults_stream,
          ontoclasm_vaults_ring_square, grunt_vaults_hallway_short,
          vaults_room_boxed, v_misc_4, hangedman_vaults_capsules,
          nicolae_vaults_network_star, layout_vaults_big_cross
Vaults:3: nicolae_vaults_big_angled_halls, hangedman_vaults_snaps,
          hangedman_vaults_stretched_pinwheel, v_alt_pattern_5,
          nicolae_vaults_three_branches, hangedman_vaults_maws,
          vaults_dpeg_hooks, layout_vaults_omnigrid
Vaults:4: vaults_room_hallway, ontoclasm_vaults_idyll, ontoclasm_vaults_idyll,
          vaults_room_stairs_pillars, grunt_vaults_twisty, v_misc_28,
          v_pattern_2, ontoclasm_vaults_misaligned, v_alt_pattern_2,
          nicolae_vaults_ninety_degrees, nicolae_vaults_angled_halls, v_misc_11,
          ontoclasm_vaults_twist, layout_vaults_ring
Vaults:5
Crypt:1:  layout_gridlike, skrybe_necro_troll_1, grunt_crypt_arrival_split
Crypt:2:  layout_rooms, grunt_megastairs_3
Crypt:3:  grunt_crypt_end_deaths_head, uniq_boris, uniq_margery, uniq_frederick
Tomb:1
Tomb:2
Depths:1: layout_gridville, hell_entry, minmay_librarian, minmay_shop_star
Depths:2: minmay_guarded_unrand_sceptre_of_torment, layout_basic,
          nicolae_uskayaw_en_pointe, grunt_pan_entry_spiral, hell_entry,
          infiniplex_staircase_pool_2, serial_bayou_shore_a, uniq_bai_suzhen
Depths:3: pf_snail_temple, layout_gridlike, serial_shops, shop,
          kennysheep_minor_cross, hell_entry, abyss_entry_crystal, pan_entry,
          tgw_sif, minmay_shoptagon, uniq_mara, uniq_xtahua, uniq_mennas,
          uniq_sojobo
Depths:4: grunt_zot_entry_funnels, layout_cave_pools, enter_ziggurat_d,
          nrook_campfire, hangedman_coc_ice_floe
Hell
Dis:1:    layout_jigsaw
Dis:2:    layout_regular_city
Dis:3:    nicolae_dis_big_iron_x
Dis:4:    layout_overlapping_boxes
Dis:5:    layout_jigsaw
Dis:6:    layout_jigsaw, nrook_loot_triangle
Dis:7:    dis_st
Geh:1:    layout_gehenna_lava_caves
Geh:2:    layout_gehenna_lava_caves, gehenna_fire_generator,
          gehenna_fire_generator
Geh:3:    layout_gehenna_lava_caves
Geh:4:    layout_gehenna_lava_caves
Geh:5:    layout_gehenna_pools_box
Geh:6:    layout_gehenna_pools_box
Geh:7:    geh_grunt
Coc:1:    layout_ice_bergs
Coc:2:    layout_ice_bergs
Coc:3:    layout_cocytus_water_paths
Coc:4:    layout_ice_bergs
Coc:5:    layout_cocytus_delve, nicolae_coc_statues_of_limitations
Coc:6:    layout_cocytus_water_paths
Coc:7:    coc_dpeg
Tar:1:    layout_grid_maze, nicolae_tar_spectre_spectrum
Tar:2:    layout_grid_maze, nicolae_tar_cuneiform_heaven,
          nicolae_tar_four_comb_rooms
Tar:3:    layout_cathedral_of_symmetry
Tar:4:    layout_cathedral_of_symmetry, nicolae_tar_cuneiform_oil
Tar:5:    layout_cathedral_of_symmetry
Tar:6:    layout_honeycomb
Tar:7:    tar_old
Zot:1:    layout_gridlike, hangedman_snake_sidewinding, grunt_megastairs_2
Zot:2:    kennysheep_blocky_room, layout_concentric_octagons,
          lemuel_baited_zot_trap
Zot:3:    ebering_greatest_show_in_zot, layout_misc_corridors
Zot:4:    layout_cathedral_of_symmetry

Skill      XL: |  1  2  3  4  5  6  7  8  9 10 11 12 13 14 15 16 17 18 19 20 21 22 23 24 25 26 27 |
---------------+----------------------------------------------------------------------------------+-----
Maces & Flails | 3 4 5 7 9 11 13 14 16 17 18 19 20 21 22 23 24 | 24.5
Armour         | 4 5 6 7 8 9 11 12 13 14 15 16 17 27 | 27.0
Dodging        | 1 2 3 4 5 6 16 | 16.2
Fighting       | 4 5 6 7 8 10 11 13 14 15 16 17 18 20 21 22 23 27 | 27.0
Shields        | 4 5 6 7 9 10 12 14 16 18 19 21 22 23 24 25 26 27 | 27.0
Evocations     | 1 10 | 10.5
Invocations    | 4 6 9 11 12 14 16 17 18 19 21 22 23 27 | 27.0
Axes           | 23 | 23.8
Short Blades   | 1 |  1.4
Polearms       | 1 |  1.0
Bows           | 1 |  1.0
Crossbows      | 1 |  1.0
Stealth        | 1 |  1.7
Conjurations   | 1 |  1.1
Hexes          | 1 |  1.0
Fire Magic     | 1 |  1.0
Ice Magic      | 1 |  1.0
Earth Magic    | 1 |  1.2
Poison Magic   | 1 |  1.0
Long Blades    | |  0.9
Slings         | |  0.9
Throwing       | |  0.9
Summonings     | |  0.9
Necromancy     | |  0.7
Translocations | |  0.9
Transmutations | |  0.7
Air Magic      | |  0.7

Action                   |  1- 3 |  4- 6 |  7- 9 | 10-12 | 13-15 | 16-18 | 19-21 | 22-24 | 25-27 || total
-------------------------+-------+-------+-------+-------+-------+-------+-------+-------+-------++-------
Melee: Flail             |   108 |   193 |   339 |   685 |  1852 |  2400 |  1757 |       |       ||  7334
       Morningstar       |       |       |       |       |       |       |   639 |  1579 |       ||  2218
       Eveningstar       |       |       |       |       |       |       |       |   534 |  2894 ||  3428
       Broad axe         |       |       |       |       |       |       |       |       |  3687 ||  3687
Throw: Stone             |       |       |       |       |       |     1 |       |       |       ||     1
Invok: Cleansing Flame   |       |       |       |       |     8 |    40 |    67 |    55 |   316 ||   486
       Brand Weapon With |       |       |       |       |       |       |       |       |     1 ||     1
       Summon Divine War |       |       |       |       |       |       |       |       |     1 ||     1
Evoke: Wand              |       |       |       |     4 |     8 |       |       |       |    25 ||    37
  Use: Scroll            |     3 |     3 |     4 |     7 |     3 |     9 |    10 |     4 |    37 ||    80
       Potion            |       |     1 |       |     3 |     1 |     1 |     2 |     3 |    38 ||    49
Armor: Scale mail        |    73 |   104 |   209 |   183 |       |       |       |       |       ||   569
       Skin              |       |     1 |       |       |       |       |       |       |       ||     1
       Plate armour      |       |       |       |   177 |  1070 |  1190 |   963 |   782 |  2908 ||  7090
Dodge: Dodged            |    58 |    84 |   161 |   233 |   628 |  1045 |   935 |   880 |  1794 ||  5818
Block: Buckler           |    16 |    41 |    77 |   118 |   252 |       |       |       |       ||   504
       Tower shield      |       |       |       |       |   551 |  2494 |  2377 |  2401 |  6428 || 14251
